 Dungeon Crawl Stone Soup version 0.31.0-2-g5a2aebc5c2 (webtiles) character file.

Game seed: 14196729489854592843

1661579 mdonais the Conqueror (level 27, 419/419 HPs)
             Began as an Oni Hexslinger on Jan 20, 2024.
             Was an Initiate of Gozag.
             Escaped with the Orb
             ... and 3 runes on Jan 21, 2024!
             The game lasted 04:41:04 (68982 turns).

mdonais the Conqueror (Oni Hexslinger)             Turns: 68982, Time: 04:41:04

Health: 419/419    AC: 32    Str: 24    XL:     27
Magic:  31/31      EV: 27    Int:  8    God:    Gozag
Gold:   2164       SH: 33    Dex: 27    Spells: 29/42 levels left

rFire   + +          .
                       - Unarmed
rCold   + . .        e - +10 tower shield of Ignorance {rN+ Int-4}
rNeg    + + .        f - melded +2 ice dragon scales
rPois   ∞            C - +2 hat {Stlth+}
rElec   +            X - +0 cloak "Biutovau" {rC++ rCorr Int-2 Slay+3}
rCorr   +            (gloves unavailable)
SInv    .            (boots unavailable)
Will    ++...        t - amulet "Cut Quol" {Spirit +Blink rF+ rCorr Dex+2}
Stlth   +            d - ring of Demons {Fire rElec Dex+7}
HPRegen 0.89/turn    g - ring of Taxayshe {rCorr EV+5 Str-2 Dex+3 Slay+4}
MPRegen 0.22/turn

%: guardian spirit
@: statue-form, very slow
A: slow and powerful, torment resistance 1, boosted hp, large, unfitting armour,
horns 1, (tough skin 1), double potion healing, drunken brawling, low MP 1
0: Orb of Zot
}: 3/15 runes: barnacled, silver, gossamer
a: Begin Untransformation, Renounce Religion, Evoke Blink, Potion Petition, Call
Merchant, Bribe Branch


You escaped.
You worshipped Gozag.
Gozag was most pleased with you.
You were a living statue of rough stone.
You visited 10 branches of the dungeon, and saw 48 of its levels.
You visited the Abyss 2 times.
You also visited: Sewer, Ice Cave and Wizlab.

You collected 26678 gold pieces.
You spent 2101 gold pieces at shops.
You paid 22413 gold pieces to Gozag.

Inventory:

Missiles
 w - 113 large rocks (quivered)
 F - 10 curare-tipped darts
 Z - 6 throwing nets {=!f}
Armour
 e - the +10 tower shield of Ignorance (worn) {rN+ Int-4}
   (You acquired it in a wizard's laboratory)

   Int-4:     It affects your intelligence (-4).
   rN+:       It protects you from negative energy.
 f - +2 ice dragon scales (melded)
   (You found it in an ice cave)
 x - a +1 cloak
   (You found it on level 2 of the Realm of Zot)
 C - a +2 hat of stealth (worn)
   (You found it on level 4 of the Spider Nest)
 W - a +5 kite shield of cold resistance
   (You found it in an ice cave)
 X - the +0 cloak "Biutovau" (worn) {rC++ rCorr Int-2 Slay+3}
   (You found it on level 3 of the Elven Halls)

   Int-2:     It affects your intelligence (-2).
   Slay+3:    It affects your accuracy & damage with ranged weapons and melee
   (+3).
   rC++:      It greatly protects you from cold.
   rCorr:     It protects you from acid and corrosion.
Jewellery
 c - a ring of protection from cold
   (You took it off a reaper in an ice cave)
 d - the ring of Demons (left fist) {Fire rElec Dex+7}
   (You found it on level 4 of the Dungeon)

   [ring of fire]

   Fire:      It enhances your fire magic.
   Dex+7:     It affects your dexterity (+7).
   rF+:       It protects you from fire.
   rC-:       It makes you vulnerable to cold.
   rElec:     It insulates you from electricity.
 g - the ring of Taxayshe (right fist) {rCorr EV+5 Str-2 Dex+3 Slay+4}
   (You acquired it on level 4 of the Spider Nest)

   [ring of evasion]

   EV+5:      It affects your evasion (+5).
   Str-2:     It affects your strength (-2).
   Dex+3:     It affects your dexterity (+3).
   Slay+4:    It affects your accuracy & damage with ranged weapons and melee
   (+4).
   rCorr:     It protects you from acid and corrosion.
 r - an amulet of regeneration
   (You found it on level 8 of the Dungeon)
 s - a ring of see invisible
   (You took it off an arcanist on level 3 of the Vaults)
 t - the amulet "Cut Quol" (around neck) {Spirit +Blink rF+ rCorr Dex+2}
   (You found it on level 2 of the Spider Nest)

   [amulet of guardian spirit]

   Spirit:    It causes incoming damage to be divided between your reserves of
   health and magic.
   Dex+2:     It affects your dexterity (+2).
   rF+:       It protects you from fire.
   +Blink:    It lets you blink.
   rCorr:     It protects you from acid and corrosion.
 G - the ring "Oseyhur" {rF+ Slay+2}
   (You found it on level 4 of the Lair of Beasts)

   [ring of protection from fire]

   Slay+2:    It affects your accuracy & damage with ranged weapons and melee
   (+2).
   rF+:       It protects you from fire.
 L - a ring of willpower
   (You found it on level 4 of the Spider Nest)
 O - the ring "Ufisei Hurgh" {rCorr Str+4 Dex+6}
   (You found it on level 5 of the Vaults)

   [ring of dexterity]

   Str+4:     It affects your strength (+4).
   Dex+6:     It affects your dexterity (+6).
   rCorr:     It protects you from acid and corrosion.
 R - the ring "Ivyf" {Ice rElec Will+ MP+9 Int+3}
   (You took it off Josephina on level 3 of the Depths)

   [ring of ice]

   Ice:       It enhances your ice magic.
   Int+3:     It affects your intelligence (+3).
   rF-:       It makes you vulnerable to fire.
   rC+:       It protects you from cold.
   rElec:     It insulates you from electricity.
   Will+:     It increases your willpower.
   MP+9:      It affects your magic capacity (+9).
Talismans
 i - a storm talisman
   (You found it on level 5 of the Vaults)
 S - a granite talisman (active)
   (You took it off Roxanne on level 3 of the Elven Halls)
Wands
 o - a wand of quicksilver (24)
   (You found it on level 1 of the Spider Nest)
 D - a wand of digging (1)
   (You found it on level 3 of the Elven Halls)
 I - a wand of iceblast (57)
   (You found it on level 8 of the Dungeon)
Scrolls
 a - 4 scrolls of poison
 h - 4 scrolls of immolation
 m - 6 scrolls of revelation
 n - a scroll of silence
 u - 7 scrolls of fear
 y - 14 scrolls of fog
 B - 6 scrolls of blinking
 N - 2 scrolls of butterflies
 T - 13 scrolls of teleportation
Potions
 b - 3 potions of resistance
 j - 2 potions of berserk rage
 k - 8 potions of attraction
 l - 9 potions of might
 p - 10 potions of ambrosia
 q - 6 potions of lignification
 v - 6 potions of magic
 z - 9 potions of mutation
 A - a potion of invisibility
 E - 5 potions of heal wounds
 H - 12 potions of haste
 K - 5 potions of enlightenment
 P - 2 potions of cancellation
 Q - 20 potions of curing
Miscellaneous
 J - a phantom mirror
   (You found it on level 5 of the Vaults)
 U - a phial of floods
   (You found it on level 2 of the Spider Nest)
 Y - a tin of tremorstones (2/2)
   (You found it on level 4 of the Shoals)


   Skills:
 O Level 27 Fighting
 - Level 8.0 Maces & Flails
 - Level 3.0 Ranged Weapons
 - Level 1.6 Throwing
 - Level 15.0 Dodging
 + Level 16.9 Shields
 + Level 24.5 Unarmed Combat
 - Level 8.0 Spellcasting
 - Level 4.0 Hexes
 - Level 3.0 Translocations
 - Level 0.8 Fire Magic
 - Level 3.0 Earth Magic
 - Level 2.0 Evocations
 - Level 18.1 Shapeshifting


You had 29 spell levels left.
You knew the following spells:

 Your Spells              Type           Power      Damage    Failure   Level
a - Jinxbite              Hex            18%        N/A       12%         2
b - Sigil of Binding      Hex            9%         N/A       24%         3
c - Call Imp              Summ           6%         N/A       52%         2
d - Apportation           Tloc           16%        N/A       12%         1
e - Passwall              Erth           8%         N/A       34%         3
f - Blink                 Tloc           16%        N/A       19%         2

Your spell library contained the following spells:

 Spells                   Type           Power      Damage    Failure   Level
 Confusing Touch          Hex            9%         N/A       24%         3
 Tukima's Dance           Hex            9%         N/A       24%         3
 Ensorcelled Hibernation  Hex/Ice        12%        N/A       26%         2
 Gell's Gravitas          Tloc           8%         N/A       34%         3
 Teleport Other           Tloc           8%         N/A       34%         3
 Kiss of Death            Conj/Necr      12%        2d6       38%         1
 Magic Dart               Conj           12%        1d3       38%         1
 Necrotise                Necr           12%        1d4       38%         1
 Sting                    Conj/Alch      12%        1d3       38%         1
 Summon Small Mammal      Summ           12%        N/A       38%         1
 Inner Flame              Hex/Fire       10%        N/A       41%         3
 Dazzling Flash           Conj/Hex       12%        N/A       47%         3
 Volatile Blastmotes      Fire/Tloc      18%        2d11      50%         3
 Mercury Vapours          Alch/Air       6%         N/A       52%         2
 Searing Ray              Conj           6%         2d4       52%         2
 Static Discharge         Conj/Air       6%         3-4/arc   52%         2
 Cause Fear               Hex            4%         N/A       61%         4
 Dimensional Bullseye     Hex/Tloc       4%         N/A       67%         4
 Passage of Golubria      Tloc           8%         N/A       75%         4
 Call Canine Familiar     Summ           3%         N/A       77%         3
 Fugue of the Fallen      Necr           3%         N/A       77%         3
 Mephitic Cloud           Conj/Alch/Air  3%         N/A       77%         3
 Swiftness                Air            3%         N/A       77%         3
 Vampiric Draining        Necr           3%         2d6       77%         3
 Anguish                  Hex/Necr       3%         N/A       87%         4
 Iskenderun's Mystic Bla  Conj/Tloc      5%         2d3       91%         4
 Petrify                  Alch/Erth      5%         N/A       91%         4
 Vhi's Electric Charge    Tloc/Air       10%        N/A       91%         4
 Flame Wave               Conj/Fire      5%         2d5       98%         4
 Sticky Flame             Fire/Alch      5%         2d4       98%         4
 Summon Blazeheart Golem  Fire/Summ      5%         N/A       98%         4
 Airstrike                Air            1%         2d(1-17)  99%         4
 Dispel Undead            Necr           3%         3d7       99%         4
 Fulminant Prism          Conj/Alch      1%         3d5       99%         4
 Martyr's Knell           Necr/Summ      3%         N/A       99%         4
 Summon Lightning Spire   Summ/Air       3%         N/A       99%         4
 Silence                  Hex/Air        3%         N/A       99%         5
 Summon Forest            Summ/Tloc      2%         N/A       99%         5
 Summon Mana Viper        Hex/Summ       6%         N/A       99%         5
 Yara's Violent Unravell  Hex/Alch       3%         3d4       99%         5
 Alistair's Intoxication  Alch           2%         N/A       100%        5
 Arcjolt                  Conj/Air       1%         1d11      100%        5
 Curse of Agony           Necr           3%         N/A       100%        5
 Freezing Cloud           Conj/Ice/Air   1%         6-21      100%        5
 Irradiate                Conj/Alch      1%         3d12      100%        5
 Iskenderun's Battlesphe  Conj           3%         2d6       100%        5
 Bombard                  Conj/Erth      2%         9d1       100%        6
 Dispersal                Tloc           4%         N/A       100%        6
 Eringya's Noxious Bog    Alch           1%         4d6       100%        6
 Starburst                Conj/Fire      2%         6d3       100%        6
 Summon Cactus Giant      Summ           1%         N/A       100%        6
 Enfeeble                 Hex            4%         N/A       100%        7
 Haunt                    Necr/Summ      1%         N/A       100%        7
 Spellforged Servitor     Conj/Summ      1%         N/A       100%        7
 Summon Hydra             Summ           1%         N/A       100%        7
 Lehudib's Crystal Spear  Conj/Erth      2%         10d2      100%        8
 Maxwell's Capacitive Co  Air            1%         ∞         100%        8
 Death's Door             Necr           1%         N/A       100%        9
 Sublimation of Blood     Necr           Unusable   N/A       N/A         2

Dungeon Overview and Level Annotations

Branches:
Dungeon (15/15)            Temple (1/1) D:4            Lair (5/5) D:8
 Shoals (4/4) Lair:2       Spider (4/4) Lair:3        Slime (0/5) Lair:5
    Orc (2/2) D:10            Elf (3/3) Orc:2        Vaults (5/5) D:13
  Crypt (0/3) Vaults:3     Depths (4/4) D:15            Zot (5/5) Depths:4
  Sewer (visited)           IceCv (visited)          WizLab (visited)

Altars:
Ashenzari
Cheibriados
Dithmenos
Elyvilon
Fedhas
Gozag
Hepliaklqana
Kikubaaqudgha
Makhleb
Nemelex Xobeh
Okawaru
Qazlal
Ru
Sif Muna
Trog
Uskayaw
Vehumet
Wu Jian
Xom
Yredelemnul
Zin
The Shining One

Shops:
D:5 **   D:6 *   D:8 =*   D:10 =   D:12 !*?   Orc:2 [**[   Elf:2 ((*   Elf:3 :
Lair:3 *   Vaults:2 [   Depths:1 *

Portals:
Hell: Depths:1 Depths:2 Depths:3 Depths:4
Abyss: Depths:3 Depths:4
Pandemonium: Depths:2
Ziggurat: Depths:3
Trove: Vaults:4 (show abyssal rune of Zot)

Annotations:
Lair:3 2 transporters, Ixoagrun's ghost, journeyman MiFi
Lair:5 2 runed translucent doors, Nessos
Spider:2 2 transporters, Beorghan's ghost, adept MiBe
Vaults:1 1 transporter


Innate Abilities, Weirdness & Mutations

You are a living statue of rough stone.
Your actions are slow, but your melee attacks are powerful.
You are resistant to unholy torment.
Your maximum health is greatly increased.
Your equipment is partially melded.
You are too large for most types of armour.
You are immune to poison.
You have a pair of small horns on your head.
((You have tough skin. (AC +1)))
You gain doubled healing and magic from potions.
Whenever you drink a healing potion, you attack all around you.
Your magical capacity is low. (-10% MP)


Message History

You block the Orb Guardian's attack. x2
You punch the Orb Guardian! Your headbutt misses the Orb Guardian.
The Orb Guardian is moderately wounded.
The Orb Guardian hits you but does no damage.
You pulverise the Orb Guardian!!!
You kill the Orb Guardian!
No target in view!
You now have 2074 gold pieces (gained 27).
There is an open door here.
There is a stone staircase leading up here.
You climb upwards.
There is a stone staircase leading down here.
There is a strange disturbance nearby!
You can't go up here!
Something misses you.
Deactivating autopickup; reactivate with Ctrl-A.
You squash something like an ant!!!
You headbutt something! You block something's attack.
You squash something like an ant!!!!
Reactivating autopickup.
You feel a bit more experienced.
You now have 2080 gold pieces (gained 6).
A shadow demon comes into view.
There is an open door here.
The shadow demon gestures.
The centaur wields a +0 orcbow.
The centaur shoots an arrow.
You block the arrow.
The centaur shoots an arrow.
You block the arrow.
The centaur shoots an arrow.
You block the arrow.
The centaur shoots an arrow.
You block the arrow.
The centaur shoots an arrow.
The arrow hits you but does no damage.
There is a stone staircase leading up here.
You climb upwards.
There is a stone staircase leading down here.
An Orb Guardian comes into view.
You pound the Orb Guardian into fine dust!!!!
You kill the Orb Guardian!
No target in view!
No target in view!
You now have 2097 gold pieces (gained 17).
There is an escape hatch in the ceiling here.
A mysterious force pulls you upwards. The hatch slams shut behind you.
There is a stone staircase leading up here.
You climb upwards.
There is a stone staircase leading down here.
There is a stone staircase leading up here.
You climb upwards.
There is a stone staircase leading down here.
A Kuwoc and a tentacled monstrosity come into view.
Kuwoc shouts, "Back with thee, thou fobbing earth-vexing urchin!"
A smoke demon comes into view.
You feel yourself speed up. The smoke demon gestures at you.
Something smites you!
You take 8 damage, and have 411/419 hp.
You now have 30/31 mp.
You feel very mighty all of a sudden. You block Kuwoc's attack. x2
You pummel Kuwoc like a punching bag!!!!
Kuwoc is moderately wounded.
You block Kuwoc's attack.
You closely miss Kuwoc. You headbutt Kuwoc, but do no damage.
Kuwoc is moderately wounded.
You block Kuwoc's attack.
You pound Kuwoc into fine dust!!!! You headbutt Kuwoc!
Kuwoc is severely wounded.
Kuwoc completely misses you.
You pummel Kuwoc!!
Kuwoc is severely wounded.
You block Kuwoc's attack.
You hit Kuwoc but do no damage.
Kuwoc is severely wounded.
You block Kuwoc's attack.
MP restored: 31 You barely miss Kuwoc.
You headbutt Kuwoc!!
Kuwoc is almost dead.
You block Kuwoc's attack.
You punch Kuwoc!
Kuwoc is almost dead.
You block Kuwoc's attack.
You pummel Kuwoc!! You headbutt Kuwoc!
Kuwoc is almost dead.
Kuwoc hits you but does no damage.
You closely miss Kuwoc.
Kuwoc is almost dead.
You block Kuwoc's attack.
You squash Kuwoc like an ant!!!
You kill Kuwoc!
You pulverise the smoke demon!!!!
You kill the smoke demon!
You block the tentacled monstrosity's attack.
The tentacled monstrosity barely misses you.
The tentacled monstrosity misses you.
You block the tentacled monstrosity's attack.
You see here 16 gold pieces.
Health restored: 419 You squash the tentacled monstrosity like an ant!!!
The tentacled monstrosity is heavily wounded.
You block the tentacled monstrosity's attack. x2
The tentacled monstrosity tentacle-slaps you but does no damage.
You block the tentacled monstrosity's attack.
You pound the tentacled monstrosity into fine dust!!!
You headbutt the tentacled monstrosity!!
You kill the tentacled monstrosity!
No target in view!
You now have 2118 gold pieces (gained 21).
You now have 2134 gold pieces (gained 16).
A Brimstone Fiend comes into view.
You squash the Brimstone Fiend like an ant!!!!
Your headbutt misses the Brimstone Fiend.
The Brimstone Fiend is severely wounded.
You pummel the Brimstone Fiend like a punching bag!!!
You kill the Brimstone Fiend!
No target in view!
No target in view!
You now have 2150 gold pieces (gained 16).
There is a stone staircase leading up here.
You climb upwards.
There is a stone staircase leading down here.
You see here a +0 falchion.
Your extra speed is starting to run out.
You feel yourself slow down.
You see here a +0 whip.
A neqoxec comes into view.
You feel a little less mighty now. You block the neqoxec's attack.
You squash the neqoxec like an ant!!!
You kill the neqoxec!
No target in view!
You now have 2157 gold pieces (gained 7).
There is a stone staircase leading up here.
You climb upwards.
There is a stone staircase leading down here.
A tormentor comes into view.
You block the tormentor's attack. The tormentor completely misses you.
You closely miss the tormentor.
You headbutt the tormentor, but do no damage.
You block the tormentor's attack. x2
You pummel the tormentor!! You headbutt the tormentor.
The tormentor is almost dead.
You block the tormentor's attack. The tormentor completely misses you.
You squash the tormentor like an ant!!!!
You kill the tormentor!
No target in view!
You now have 2164 gold pieces (gained 7).
There is a stone staircase leading up here.
You climb upwards.
There is a stone staircase leading down here.
There is an open door here.
There is an open door here.
There is a staircase leading out of the dungeon here.
You have escaped!

#############
#......##...##
#..###....#..######
#.#..#.####..#....#
..'..#.'..#..'..8.#
..#..#.#..#..#....#
..#..#..###..######
..#..#.......#
.############# .##
..# #.# #.#


There were no monsters in sight!

Vanquished Creatures
  A seraph (Depths:3)
  Frederick (Depths:3)
  2 dread liches
  An orb of fire (Zot:5)
  An ancient lich (Zot:5)
  2 pandemonium lords
  Josephina (Depths:3)
  2 curse toes (Zot:1)
  Bai Suzhen (Shoals:3)
  Saint Roka (Vaults:4)
  7 golden dragons
  A Brimstone Fiend (D:4)
  Nikola (Depths:2)
  11 tentacled monstrosities
  Mlioglotl (Spider:1)
  The ghost of Ryff the Metamorph, an adept OpSh of Wu Jian (Elf:3)
  3 electric golems
  A lich (Vaults:4)
  8 titans
  10 Orb Guardians
  Rupert (Lair:5)
  4 deep elf master archers
  8 quicksilver dragons
  Polyphemus (Shoals:2)
  2 deep elf blademasters (Elf:3)
  A kraken (Shoals:2)
  5 sphinxes
  7 death cobs
  A storm dragon (shapeshifter) (Vaults:4)
  9 shadow dragons
  13 storm dragons
  6 tengu reavers
  Ilsuiw (Shoals:3)
  7 fire giants
  5 protean progenitors
  2 draconian monks (Zot:1)
  Aizul (Spider:4)
  Roxanne (Elf:3)
  2 frost giants
  2 draconian knights
  12 vault wardens
  6 deep elf sorcerers
  An iron dragon (Depths:3)
  Louise (Elf:2)
  3 draconian shifters (Zot:1)
  4 draconian scorchers (Zot:1)
  2 emperor scorpions
  3 ghost moths
  A balrug (Depths:2)
  4 deep elf elementalists
  An angel (Depths:3)
  5 reapers
  4 orc warlords
  5 draconian stormcallers
  4 demonspawn corrupters (WizLab)
  20 ironbound preservers
  3 draconian annihilators
  11 broodmothers
  19 stone giants
  24 very ugly things
  A formless jellyfish (Vaults:3)
  8 red draconians
  3 vampire knights
  3 lorocyprocas
  3 deep elf death magi
  6 ironbound thunderhulks
  7 deep elf demonologists
  A spark wasp (Spider:1)
  10 dire elephants
  8 yellow draconians
  4 deep elf annihilators
  7 purple draconians
  5 green draconians
  8 war gargoyles
  9 black draconians
  6 white draconians
  Snorg (Lair:5)
  3 fire dragons
  A quicksilver dragon zombie (D:15)
  7 merfolk javelineers
  8 ettins
  A green death (Zot:1)
  An entropy weaver (shapeshifter) (Elf:3)
  Fannar (D:12)
  6 deep elf high priests
  9 merfolk impalers
  5 great orbs of eyes
  17 yaktaur captains
  10 hydras
  4 entropy weavers
  5 ice dragons
  29 vault guards
  2 spriggan air magi (Depths:3)
  4 rakshasas
  2 peacekeepers
  An anaconda (shapeshifter) (Elf:3)
  A juggernaut simulacrum (Depths:3)
  4 ironbound frosthearts
  5 merfolk avatars
  6 radroaches
  A jorogumo (Spider:1)
  2 catoblepae
  32 dancing weapons
  17 centaur warriors
  6 merfolk aquamancers
  An alligator snapping turtle (Shoals:2)
  2 satyrs (Shoals:4)
  4 death yaks
  2 death knights
  3 two-headed ogres
  3 tengu warriors (Depths:2)
  9 boulder beetles
  6 deep troll earth magi
  8 demonic crawlers
  2 vampire magi
  4 deep troll shamans
  6 orc high priests
  2 spriggan berserkers (Depths:3)
  5 occultists (WizLab)
  A storm dragon zombie (Depths:2)
  The ghost of LobsterGuardian the Covert, a journeyman FeEn of Sif Muna (D:12)
  17 hell knights
  A fire crab (shapeshifter) (Elf:3)
  6 iron trolls
  Sonja (D:10)
  A soul eater (Depths:2)
  24 deep elf knights
  3 sun demons
  6 pharaoh ants
  8 skysharks
  A sixfirhy (D:14)
  A spriggan druid (WizLab)
  A cherub (Depths:3)
  9 orb spiders
  6 skeletal warriors
  An obsidian statue (IceCv)
  63 deep trolls
  10 arcanists
  A bog body (IceCv)
  9 lindwurms
  A glowing orange brain (Vaults:4)
  5 sun moths
  11 sea snakes
  A glowing orange brain (shapeshifter) (Depths:1)
  13 deep elf archers
  A shadow demon (Zot:4)
  3 spriggan simulacra (IceCv)
  5 phantasmal warriors
  A flayed ghost (Depths:1)
  10 ironbound convokers
  5 necromancers
  A wolf spider (shapeshifter) (Vaults:5)
  7 steelbarb worms
  22 orc knights
  3 orc sorcerers
  23 wolf spiders
  26 harpies
  A cyclops (shapeshifter) (Vaults:5)
  26 deep elf zephyrmancers
  39 ugly things
  9 fauns
  16 manticores
  34 deep elf pyromancers
  A salamander (shapeshifter) (Vaults:5)
  7 cyclopes
  7 kobold blastminers
  A manticore (shapeshifter) (Depths:4)
  28 elephants
  28 moths of wrath
  4 worldbinders (WizLab)
  8 meliai
  11 black mambas
  A guardian serpent (shapeshifter) (Elf:1)
  2 ice statues (Spider:1)
  2 rust devils
  16 vault sentinels
  5 merfolk sirens
  3 molten gargoyles (Lair:5)
  8 torpor snails
  4 smoke demons
  2 gargoyles
  5 water nymphs
  10 cane toads
  An orange demon (Depths:1)
  A water nymph (shapeshifter) (Vaults:4)
  5 rime drakes
  An unseen horror (shapeshifter) (Abyss:2)
  An unseen horror (D:11)
  Maggie (Lair:2)
  19 komodo dragons
  A spark wasp simulacrum (Depths:3)
  An efreet (D:10)
  27 yaktaurs
  A golden dragon simulacrum (IceCv)
  15 freezing wraiths
  Psyche (D:10)
  A tengu conjurer (Depths:3)
  3 ice devils (IceCv)
  2 tormentors
  5 trolls
  11 wind drakes
  A queen bee (shapeshifter) (Elf:3)
  A polar bear (shapeshifter) (Elf:3)
  2 polar bears
  25 tarantellas
  An alligator simulacrum (IceCv)
  34 merfolk
  A raiju (shapeshifter) (D:13)
  3 hellwings
  21 blink frogs
  7 dream sheep
  2 glass eyes
  7 snapping turtles
  3 air elementals
  2 spriggan zombies (D:15)
  A dream sheep (shapeshifter) (Vaults:4)
  21 slime creatures
  19 jumping spiders
  53 yaks
  25 culicivoras
  3 wraiths
  2 shadows
  A vampire (D:12)
  14 water elementals
  11 wyverns
  2 steam dragons
  3 dire elephant simulacra (IceCv)
  A yak (shapeshifter) (Elf:3)
  10 wargs
  2 basilisks (shapeshifter)
  6 basilisks
  4 fire elementals
  2 minotaur simulacra (IceCv)
  A neqoxec (D:3)
  33 redbacks
  A chaos spawn (Depths:3)
  A harpy simulacrum (IceCv)
  A swamp worm (shapeshifter) (Vaults:5)
  18 water moccasins
  A glowing shapeshifter skeleton (Depths:2)
  2 acid dragons
  4 hell hounds (Lair:5)
  35 orc warriors
  2 sky beasts
  2 black bears (D:6)
  10 boggarts
  7 wolves
  4 ogres
  11 centaurs
  A phantom (D:4)
  A kobold brigand (D:8)
  5 deep troll simulacra (IceCv)
  18 bullfrogs
  4 glowing shapeshifter simulacra
  4 earth elementals
  3 scorpions
  3 wights (D:8)
  6 killer bees (D:9)
  2 lindwurm simulacra (IceCv)
  5 howler monkeys
  3 electric eels
  A bombardier beetle (D:5)
  5 lava snakes (Lair:5)
  4 hounds
  24 orc priests
  A jelly (D:6)
  2 sleepcaps
  4 iguanas
  Natasha (thrice) (D:3)
  25 orc wizards
  7 hell rats (Lair:3)
  4 gnolls (D:5)
  3 river rats (Sewer)
  14 adders
  A shadow imp (D:7)
  4 dart slugs
  A ribbon worm (shapeshifter) (Elf:3)
  2 ribbon worms
  128 orcs
  5 bats
  7 endoplasms
  3 giant cockroaches
  5 goblins
  3 hobgoblins
  4 jackals (D:2)
  6 quokkas
  15 ball pythons
  8 frilled lizards
  7 kobolds
  26 rats
  2 aspiring fleshes
  A butterfly (D:10)
  4 tentacles (Shoals:2)
2097 creatures vanquished.

Vanquished Creatures (collateral kills)
  2 Killer Klowns (Zot:5)
  A curse toe (Zot:5)
  11 Orb Guardians (Zot:5)
  2 death cobs
  A storm dragon (Zot:4)
  A shadow dragon (Zot:5)
  A draconian scorcher (Zot:5)
  A shadow demon (Zot:5)
  7 moths of wrath
  A wind drake (Zot:5)
28 creatures vanquished.

Vanquished Creatures (others)
  3 dread liches (Zot:5)
  An orb of fire (Zot:5)
  An ancient lich (Zot:5)
  2 Killer Klowns (Zot:5)
  2 golden dragons
  An electric golem (Zot:5)
  3 tentacled monstrosities
  10 Orb Guardians (Zot:5)
  3 death cobs
  2 protean progenitors
  A shadow dragon (Zot:3)
  4 storm dragons
  2 draconian knights
  A draconian monk (Zot:5)
  A fire giant (Depths:4)
  2 draconian shifters (Zot:2)
  2 draconian scorchers (Zot:2)
  2 draconian stormcallers (Zot:2)
  5 draconian annihilators
  A black draconian (Zot:2)
  2 green draconians (Zot:2)
  2 red draconians (Zot:2)
  5 white draconians
  A purple draconian (Zot:3)
  A deep elf knight (Elf:2)
  A hell knight (Depths:2)
  A deep troll (Depths:2)
  2 deep elf zephyrmancers
  2 ugly things (Zot:4)
  6 moths of wrath
  A toenail golem (Zot:5)
  A glass eye (Elf:2)
  4 spriggans
  An air elemental (Elf:1)
  A chaos spawn (Zot:5)
  2 ogres (D:9)
  2 orcs
  19 tentacles (Shoals:2)
103 creatures vanquished.

Grand Total: 2228 creatures vanquished

Notes
Turn   | Place    | Note
-------+----------+-------------------------------------------
     0 | D:1      | mdonais the Oni Hexslinger began the quest for the Orb.
     0 | D:1      | Reached XP level 1. HP: 19/19 MP: 2/2
   118 | D:1      | Reached skill level 2 in Fighting
   144 | D:1      | Reached XP level 2. HP: 28/28 MP: 3/3
   149 | D:1      | Learned a level 2 spell: Jinxbite
   322 | D:1      | Reached skill level 1 in Throwing
   475 | D:1      | Reached XP level 3. HP: 36/36 MP: 4/4
   772 | D:2      | Reached skill level 3 in Fighting
   957 | D:2      | Learned a level 2 spell: Call Imp
  1150 | D:2      | Reached skill level 4 in Fighting
  1312 | D:2      | Reached XP level 4. HP: 46/48 MP: 1/5
  1384 | D:2      | Found a snail-covered altar of Cheibriados.
  1394 | D:2      | Identified the +6 sling "Intua" {elec, rN+ Dex+3}
  1623 | D:3      | Found a glowing drain.
  1638 | Sewer    | Entered a sewer
  1816 | Sewer    | Reached skill level 5 in Fighting
  1816 | Sewer    | Reached XP level 5. HP: 57/57 MP: 3/6
  1962 | Sewer    | Reached XP level 6. HP: 66/67 MP: 6/10
  1963 | Sewer    | Reached skill level 6 in Fighting
  2037 | D:3      | Found a blossoming altar of Fedhas.
  2156 | D:3      | Noticed Natasha
  2159 | D:3      | Killed Natasha
  2224 | D:3      | Reached skill level 7 in Fighting
  2309 | D:3      | Noticed Natasha
  2312 | D:3      | Killed Natasha
  2323 | D:3      | Noticed Natasha
  2330 | D:3      | Killed Natasha
  2955 | D:3      | Reached XP level 7. HP: 77/79 MP: 8/11
  3073 | D:4      | Reached skill level 8 in Fighting
  3507 | D:4      | Identified the ring of Demons {Fire rElec Dex+7}
  3592 | D:4      | Found a staircase to the Ecumenical Temple.
  3600 | D:4      | Reached skill level 9 in Fighting
  3612 | Temple   | Entered the Ecumenical Temple
  3645 | Temple   | Became a worshipper of Gozag Ym Sagoz the Greedy
  4307 | D:5      | Entered Level 5 of the Dungeon
  4374 | D:5      | Found a glowing golden altar of the Shining One.
  4440 | D:5      | Reached skill level 10 in Fighting
  4449 | D:5      | Reached XP level 8. HP: 93/93 MP: 8/12
  4880 | D:5      | Learned a level 3 spell: Sigil of Binding
  4881 | D:5      | Found a shadowy altar of Dithmenos.
  5141 | D:5      | Found Deogury's Specific Store.
  5285 | D:5      | Found Oxur's General Store.
  5297 | D:5      | Bought a scroll of enchant armour for 82 gold pieces
  5297 | D:5      | Bought a scroll of teleportation for 33 gold pieces
  5406 | D:6      | Reached skill level 11 in Fighting
  5561 | D:6      | Reached skill level 12 in Fighting
  5739 | D:6      | Reached skill level 1 in Shapeshifting
  5773 | D:6      | Reached XP level 9. HP: 70/106 MP: 12/15
  6137 | D:6      | Found Fieggemips's General Store.
  6231 | D:6      | Identified the +7 sling of Labropo {drain, rElec rCorr
                  | Dex-5}
  6513 | D:6      | Bought a potion of might for 56 gold pieces
  7290 | D:7      | Reached skill level 1 in Evocations
  7649 | D:8      | Found a staircase to the Lair.
  8090 | D:8      | Reached skill level 13 in Fighting
  8109 | D:8      | Found an ancient bone altar of Kikubaaqudgha.
  8221 | D:8      | Found a basalt altar of Yredelemnul.
  8309 | D:8      | Found a sparkling altar of Nemelex Xobeh.
  8374 | D:8      | Identified the +2 sling of Devotion {flame, ^Fragile rF+
                  | Int+3}
  8996 | D:9      | Reached XP level 10. HP: 100/120 MP: 13/16
  9098 | D:9      | Noticed a two-headed ogre
  9126 | D:9      | Reached skill level 14 in Fighting
  9130 | D:9      | Killed a two-headed ogre
  9195 | D:9      | Reached skill level 15 in Fighting
  9226 | D:9      | Noticed a two-headed ogre
  9389 | D:9      | Reached skill level 5 in Dodging
  9389 | D:9      | Reached skill level 1 in Maces & Flails
  9547 | D:9      | Killed a two-headed ogre
  9633 | D:9      | Reached skill level 5 in Maces & Flails
  9709 | D:9      | Found an iron altar of Okawaru.
  9876 | D:9      | Found a shimmering blue altar of Sif Muna.
 10048 | D:10     | Entered Level 10 of the Dungeon
 10061 | D:10     | Found a snail-covered altar of Cheibriados.
 10109 | D:10     | Noticed Psyche
 10121 | D:10     | Killed Psyche
 10216 | D:10     | Found a hazy altar of Hepliaklqana.
 10252 | D:10     | Reached XP level 11. HP: 132/132 MP: 14/17
 10384 | D:10     | Noticed Sonja
 10397 | D:10     | Killed Sonja
 10553 | D:10     | Found a staircase to the Orcish Mines.
 10824 | D:10     | Found a shimmering altar of Xom.
 11497 | D:6      | Bought a scroll of enchant armour for 105 gold pieces
 11575 | Lair:1   | Entered Level 1 of the Lair of Beasts
 11634 | Lair:1   | Reached skill level 16 in Fighting
 11825 | Lair:1   | Reached skill level 17 in Fighting
 12809 | Lair:2   | Noticed Maggie
 12817 | Lair:2   | Reached skill level 18 in Fighting
 12823 | Lair:2   | Killed Maggie
 12824 | Lair:2   | Reached XP level 12. HP: 150/150 MP: 15/18
 12918 | Lair:2   | Noticed a five-headed hydra
 12940 | Lair:2   | Killed a five-headed hydra
 12941 | Lair:2   | Reached skill level 5 in Shapeshifting
 13007 | Lair:2   | Found a staircase to the Shoals.
 14040 | Lair:2   | Noticed a four-headed hydra
 14047 | Lair:2   | Killed a four-headed hydra
 14408 | Lair:3   | Noticed a seven-headed hydra
 14424 | Lair:3   | Killed a seven-headed hydra
 14425 | Lair:3   | Reached skill level 1 in Unarmed Combat
 14515 | Lair:3   | Found a hole to the Spider Nest.
 14516 | Lair:3   | Found a transporter.
 14517 | Lair:3   | Found a transporter.
 14527 | Lair:3   | Noticed a spriggan berserker
 14528 | Lair:3   | Noticed Ixoagrun's ghost (journeyman MiFi)
 15021 | Lair:3   | Reached XP level 13. HP: 74/158 MP: 16/19
 15124 | Lair:3   | Reached skill level 5 in Unarmed Combat
 16006 | Lair:4   | Identified the ring "Oseyhur" {rF+ Slay+2}
 17018 | D:11     | Reached skill level 10 in Shapeshifting
 17473 | D:11     | Reached skill level 10 in Unarmed Combat
 17485 | D:11     | Reached XP level 14. HP: 169/169 MP: 18/20
 18114 | Orc:1    | Entered Level 1 of the Orcish Mines
 18640 | Orc:2    | Entered Level 2 of the Orcish Mines
 19597 | Orc:2    | Found Jydoppox's Antique Armour Boutique.
 19648 | Orc:2    | Found Epuiveah's Assorted Antiques.
 19653 | Orc:2    | Bought a fizzy ruby potion for 33 gold pieces
 19763 | Orc:2    | Found Laivowul's Antique Armour Shoppe.
 19786 | Orc:2    | Found a staircase to the Elven Halls.
 19974 | Orc:2    | Found Fead's Assorted Antiques.
 19982 | Orc:2    | Bought a scroll labelled DECEUCR MASIAL for 33 gold pieces
 19982 | Orc:2    | Bought a scroll labelled DECEUCR MASIAL for 33 gold pieces
 20149 | Orc:2    | Reached skill level 19 in Fighting
 20406 | D:12     | Bought a scroll of blinking for 97 gold pieces
 20406 | D:12     | Bought a scroll of identify for 26 gold pieces
 20406 | D:12     | Bought a scroll of identify for 26 gold pieces
 20449 | D:12     | Noticed a fire giant
 20492 | D:12     | Killed a fire giant
 20725 | D:12     | Noticed Fannar
 20863 | D:12     | Killed Fannar
 20977 | D:12     | Found the +7 sceptre of Torment {pain, torment}
 21215 | D:12     | Found a runed translucent gate.
 21215 | D:12     | Found a runed translucent gate.
 21215 | D:12     | Found a runed translucent gate.
 21215 | D:12     | Noticed LobsterGuardian's ghost (journeyman FeEn)
 21629 | D:12     | Bought a potion of might for 56 gold pieces
 21633 | D:12     | Bought a potion of heal wounds for 60 gold pieces
 21633 | D:12     | Bought a potion of heal wounds for 60 gold pieces
 21633 | D:12     | Bought a potion of heal wounds for 60 gold pieces
 21919 | Lair:5   | Entered Level 5 of the Lair of Beasts
 21963 | Lair:5   | Reached XP level 15. HP: 183/183 MP: 18/21
 22013 | Lair:5   | Reached skill level 20 in Fighting
 22146 | Lair:5   | Noticed Snorg
 22160 | Lair:5   | Killed Snorg
 22640 | Lair:5   | Found a staircase to the Slime Pits.
 23078 | Lair:5   | Reached skill level 21 in Fighting
 23255 | Lair:5   | Noticed Rupert
 23485 | Lair:5   | Killed Rupert
 23605 | Lair:5   | Noticed Nessos
 23606 | Lair:5   | Found a large runed translucent door.
 23801 | Lair:5   | Found a large runed translucent door.
 24652 | D:13     | Found a shimmering altar of Xom.
 24652 | D:13     | Found a shimmering altar of Xom.
 24652 | D:13     | Found a shimmering altar of Xom.
 24652 | D:13     | Found a shimmering altar of Xom.
 24652 | D:13     | Found a shimmering altar of Xom.
 24652 | D:13     | Found a shimmering altar of Xom.
 25264 | D:13     | Found a shimmering altar of Xom.
 25350 | D:13     | Found a gate to the Vaults.
 25385 | D:13     | Reached XP level 16. HP: 197/197 MP: 22/22
 25595 | D:14     | Found a glowing golden altar of the Shining One.
 26516 | D:15     | Entered Level 15 of the Dungeon
 26882 | D:15     | Found a staircase to the Depths.
 27990 | Spider:1 | Entered Level 1 of the Spider Nest
 28128 | Spider:1 | Found a glacial archway.
 28162 | IceCv    | Entered an ice cave
 29781 | Spider:1 | Identified the +3 flail "Haledgh" {heavy, SInv Stlth+}
 29894 | Lair:3   | Bought a potion of heal wounds for 85 gold pieces
 29894 | Lair:3   | Bought a potion of curing for 51 gold pieces
 29894 | Lair:3   | Bought a scroll of fear for 68 gold pieces
 30143 | Spider:1 | Noticed Mlioglotl
 30152 | Spider:1 | Noticed a tentacled starspawn
 30186 | Spider:1 | Noticed an ancient lich
 30188 | Spider:1 | Gained mutation: Your magical capacity is low. (-10% MP) [a
                  | neqoxec]
 30286 | D:10     | Bought a dragon-blood talisman for 660 gold pieces
 30419 | Shoals:1 | Entered Level 1 of the Shoals
 30666 | Shoals:1 | Reached skill level 15 in Shapeshifting
 30839 | Shoals:1 | Reached XP level 17. HP: 206/206 MP: 20/20
 31503 | Shoals:2 | Noticed Polyphemus
 31895 | Shoals:2 | Noticed a kraken
 32467 | Shoals:2 | Killed a kraken
 32580 | Shoals:2 | Killed Polyphemus
 33136 | Shoals:3 | Reached skill level 22 in Fighting
 33704 | Shoals:3 | Reached skill level 15 in Unarmed Combat
 33827 | Shoals:3 | Noticed Bai Suzhen
 33862 | Shoals:3 | Killed Bai Suzhen
 34091 | Shoals:3 | Noticed Ilsuiw
 34114 | Shoals:3 | Killed Ilsuiw
 34899 | Shoals:4 | Entered Level 4 of the Shoals
 35257 | Shoals:4 | Reached XP level 18. HP: 218/218 MP: 21/21
 35915 | Shoals:4 | Got a barnacled rune of Zot
 36714 | Spider:1 | Killed Mlioglotl
 37449 | Spider:2 | Reached skill level 23 in Fighting
 37612 | Spider:2 | Found a transporter.
 37613 | Spider:2 | Noticed Beorghan's ghost (adept MiBe)
 37618 | Spider:2 | Found a transporter.
 38172 | Spider:2 | Identified the amulet "Cut Quol" {Spirit +Blink rF+ rCorr
                  | Dex+2}
 38329 | Spider:2 | Reached skill level 10 in Dodging
 38933 | Spider:3 | Reached XP level 19. HP: 234/234 MP: 20/22
 39238 | Spider:4 | Entered Level 4 of the Spider Nest
 39259 | Spider:4 | Learned a level 1 spell: Apportation
 39263 | Spider:4 | Learned a level 3 spell: Passwall
 39620 | Spider:4 | Reached skill level 1 in Earth Magic
 39623 | Spider:4 | Reached skill level 24 in Fighting
 39789 | Spider:4 | Reached skill level 5 in Spellcasting
 39800 | Spider:4 | Identified the serpent talisman "Iguk" {*Slow rElec rN+
                  | Str+4}
 39800 | Spider:4 | Noticed Aizul
 39887 | Spider:4 | Killed Aizul
 40422 | Spider:4 | Identified a scroll of acquirement
 40423 | Spider:4 | Acquired the ring of Taxayshe {rCorr EV+5 Str-2 Dex+3
                  | Slay+4}
 40869 | Spider:4 | Got a gossamer rune of Zot
 41715 | Vaults:1 | Entered Level 1 of the Vaults
 41718 | Vaults:1 | Reached skill level 1 in Shields
 42157 | Vaults:1 | Reached skill level 5 in Shields
 42339 | Vaults:1 | Found a transporter.
 43910 | Vaults:2 | Found Gereitam's Armour Shoppe.
 44061 | Vaults:2 | Reached XP level 20. HP: 244/244 MP: 27/27
 45330 | Vaults:3 | Reached skill level 10 in Shields
 46273 | Vaults:3 | Found a staircase to the Crypt.
 46855 | Vaults:3 | Identified the +1 war axe of Ducituoh {drain, rElec Str+3}
 47139 | Vaults:4 | Reached XP level 21. HP: 256/256 MP: 29/29
 47210 | Vaults:4 | Reached skill level 25 in Fighting
 47216 | Vaults:4 | Paralysed by a sphinx for 5 turns
 47422 | Vaults:4 | Noticed Saint Roka
 47437 | Vaults:4 | Killed Saint Roka
 47725 | Vaults:4 | Found a portal to a secret trove of treasure.
 48428 | Depths:1 | Entered Level 1 of the Depths
 48687 | Depths:1 | Found Viriwum's Overcharged Wands.
 49551 | Depths:1 | Found a gateway to Hell.
 49571 | Depths:1 | Identified the +11 mace of the Vendetta {freeze, ^Fragile
                  | +Blink rF+ Str+8}
 49729 | Depths:2 | Identified the +6 orcbow of Dried Tears {drain, rC+ rCorr
                  | Dex+4}
 50036 | Depths:2 | Noticed Nikola
 50107 | Depths:2 | Killed Nikola
 50696 | Depths:2 | Found a one-way gate leading to the halls of Pandemonium.
 50812 | Depths:3 | Reached XP level 22. HP: 267/267 MP: 30/30
 51117 | Depths:3 | Found a one-way gateway to a ziggurat.
 51389 | Depths:3 | Identified the ring "Ivyf" {Ice rElec Will+ MP+9 Int+3}
 51389 | Depths:3 | Noticed Josephina
 51395 | Depths:3 | Killed Josephina
 51643 | Depths:3 | Found a one-way gate to the infinite horrors of the Abyss.
 51900 | Depths:4 | Entered Level 4 of the Depths
 51917 | Depths:4 | Paralysed by a vampire knight for 2 turns
 51926 | Depths:4 | Reached skill level 26 in Fighting
 51933 | Depths:4 | Identified the orb of Pride {light, rF- rC+ rCorr Int+4}
 51933 | Depths:4 | Noticed Frederick
 52281 | Depths:3 | Killed Frederick
 52598 | D:12     | Killed LobsterGuardian's ghost
 52614 | D:12     | Identified the +7 double sword of Beogh's Benevolence
                  | {flame, rF+ SInv Stlth+}
 52768 | Elf:1    | Entered Level 1 of the Elven Halls
 52907 | Elf:1    | Found a magical portal.
 52920 | WizLab   | Entered Alistair's Party Mansion
 53264 | WizLab   | Reached skill level 1 in Translocations
 53315 | WizLab   | Acquired the +10 tower shield of Ignorance {rN+ Int-4}
 53315 | WizLab   | Found the +10 tower shield of Ignorance {rN+ Int-4}
 53434 | WizLab   | Got Ereshkigal's Book of Productive Maleficent Mysteries
 53897 | Vaults:3 | Reached XP level 23. HP: 282/282 MP: 31/31
 53971 | Vaults:5 | Entered Level 5 of the Vaults
 53977 | Abyss:2  | Cast into level 2 of the Abyss (vault guard)
 53998 | Vaults:5 | Escaped the Abyss
 54010 | Vaults:5 | Noticed a dread lich
 54013 | Vaults:5 | Reached XP level 24. HP: 132/288 MP: 10/31
 54216 | Vaults:4 | Killed a dread lich
 55002 | Vaults:4 | Reached skill level 15 in Shields
 55359 | Vaults:4 | Found a portal to a secret trove of treasure.
 56694 | Vaults:5 | Reached skill level 27 in Fighting
 56695 | Abyss:2  | Found a corrupted altar of Lugonu.
 56695 | Abyss:2  | Cast into level 2 of the Abyss (a deep elf sorcerer)
 56752 | Abyss:2  | Found a corrupted altar of Lugonu.
 56763 | Vaults:5 | Escaped the Abyss
 57651 | Vaults:5 | Got a silver rune of Zot
 58001 | Vaults:5 | Noticed a dread lich
 58022 | Vaults:5 | Killed a dread lich
 58071 | Vaults:5 | Identified the +7 short sword of the Fifty Knaves {speed,
                  | ^Contam rElec rPois rCorr}
 58100 | Vaults:5 | Identified the ring "Ufisei Hurgh" {rCorr Str+4 Dex+6}
 58277 | Vaults:5 | Learned a level 2 spell: Blink
 58661 | Depths:4 | Found a gate to the Realm of Zot.
 58666 | Depths:4 | Reached XP level 25. HP: 304/304 MP: 31/31
 59129 | Zot:1    | Entered Level 1 of the Realm of Zot
 60738 | Elf:2    | Found Nuastaa's Antique Weapon Shoppe.
 60739 | Elf:2    | Found Mekhlo's General Store.
 60739 | Elf:2    | Found Icaom's Antique Weapon Emporium.
 60745 | Elf:2    | Found Vetorom's Distillery.
 60787 | Elf:2    | Bought a potion of curing for 42 gold pieces
 60787 | Elf:2    | Bought a potion of invisibility for 112 gold pieces
 60787 | Elf:2    | Bought a potion of might for 56 gold pieces
 60787 | Elf:2    | Bought a potion of berserk rage for 70 gold pieces
 60787 | Elf:2    | Bought a potion of haste for 140 gold pieces
 60790 | Elf:2    | Bought a scroll of teleportation for 57 gold pieces
 61297 | Elf:2    | Found an ancient bone altar of Kikubaaqudgha.
 61410 | Elf:2    | Found the +6 shillelagh "Devastator" {shatter}
 61416 | Elf:2    | Identified the +1 bardiche "Picrecidgh" {venom, Stlth+}
 61417 | Elf:2    | Found a runed translucent gate.
 61417 | Elf:2    | Found a runed translucent gate.
 61417 | Elf:2    | Found a runed translucent gate.
 61425 | Elf:2    | Identified the +6 dagger "Beuvev" {flame, rCorr}
 61465 | Elf:2    | Noticed Louise
 61475 | Elf:2    | Killed Louise
 61862 | Elf:3    | Entered Level 3 of the Elven Halls
 61879 | Elf:3    | Noticed Ryff's ghost (adept OpSh)
 61967 | Elf:3    | Found a transporter.
 61984 | Elf:3    | Found a transporter.
 62072 | Elf:3    | Identified the ring "Fahoir" {*Corrode rN+ Int+6 SInv}
 62234 | Elf:3    | Noticed Roxanne
 62244 | Elf:3    | Killed Roxanne
 62417 | Elf:3    | Found Leggow's Book Shop.
 62584 | Elf:3    | Identified the +1 robe "Humyin" {Rampage}
 62695 | Elf:3    | Identified the ring "Pesineng" {rN+ MP+9 Dex+3}
 62696 | Elf:3    | Identified the +9 rapier "Eviscerator" {holy, rN+ Will+}
 62704 | Elf:3    | Identified the +5 flail of the Uplifting Sybil {drain,
                  | Will+ Int+2}
 62710 | Elf:3    | Identified the +11 plate armour "Damnable Contraption"
                  | {Will+}
 62790 | Elf:3    | Found the +10 Black Knight's barding {ponderous, rPois rN+}
 62804 | Elf:3    | Identified the staff of Rexedgh {rElec rN+ Will- rCorr Air}
 62865 | Elf:3    | Identified the ring "Ketahile" {rN++ rCorr}
 63036 | Elf:3    | Identified the +0 cloak "Biutovau" {rC++ rCorr Int-2
                  | Slay+3}
 63161 | Elf:3    | Killed Ryff's ghost
 63178 | Elf:3    | Identified the ring "Usyrr" {rF- rN+ MP+9 SInv}
 63683 | Zot:1    | Reached XP level 26. HP: 314/314 MP: 29/31
 64052 | Zot:1    | Noticed an orb of fire
 67452 | Zot:5    | Entered Level 5 of the Realm of Zot
 67711 | Zot:5    | Noticed a dread lich
 67714 | Zot:5    | Noticed a dread lich
 67714 | Zot:5    | Noticed an ancient lich
 67715 | Zot:5    | Noticed an orb of fire
 67716 | Zot:5    | Noticed a dread lich
 67721 | Zot:5    | Noticed a Killer Klown
 67723 | Zot:5    | Noticed a Killer Klown
 67731 | Zot:5    | Noticed an orb of fire
 67732 | Zot:5    | Noticed a dread lich
 67743 | Zot:5    | Noticed a Killer Klown
 67743 | Zot:5    | Killed a Killer Klown
 67743 | Zot:5    | Noticed an orb of fire
 67744 | Zot:5    | Noticed an orb of fire
 67744 | Zot:5    | Noticed a Killer Klown
 67746 | Zot:5    | Noticed an ancient lich
 67754 | Zot:5    | Killed an ancient lich
 67758 | Zot:5    | Killed a Killer Klown
 67768 | Zot:5    | Killed a Killer Klown
 67770 | Zot:5    | Killed an orb of fire
 67771 | Zot:5    | Reached XP level 27. HP: 207/323 MP: 17/31
 68039 | Zot:5    | Got the Orb of Zot
 68240 | Zot:3    | Reached skill level 15 in Dodging
 68389 | Depths:3 | Noticed a seraph
 68404 | Depths:3 | Killed a seraph
 68585 | D:14     | Noticed Rudal the pandemonium lord
 68604 | D:14     | Killed Rudal the pandemonium lord
 68820 | D:4      | Noticed Kuwoc the pandemonium lord
 68832 | D:4      | Killed Kuwoc the pandemonium lord
 68982 | D:$      | Escaped with the Orb!

Illustrated notes

Levels and vault maps discovered:
D:1:      dpeg_arrival_erosion, layout_rooms
D:2:      layout_loops_cross, basic_altar
D:3:      layout_basic, nicolae_overflow_hidden_temple,
          mainiacjoe_sewer_entry_somewhere_in_here_1, uniq_natasha
D:4:      layout_basic, minmay_temple_entry_proselytizer,
          wad_floor_pattern_untrapped, nicolae_underground_beach
D:5:      layout_loops_ring, mainiacjoe_overflow_tiny_flanked,
          grunt_dithmenos_smoke_and_mirrors, nicolae_specific_store,
          minmay_misc_feat_enclosed, hangedman_abyss_or_decor_passed
D:6:      layout_loops_cross, serial_shops, nicolae_stop_n_shop_2
D:7:      layout_layer_cave
D:8:      layout_basic, nemelex_spade_bored_becter, yredelemnul_altar_generic,
          mainiacjoe_overflow_surrounded_room, lair_entry_dummy
D:9:      layout_roguey [special_room_orc], lemuel_doored_altar,
          marbit_many_paths, lemuel_flamethrower_2
D:10:     layout_basic, mainiacjoe_overflow_concentric_impassable,
          mainiacjoe_overflow_24_doors, xom_butterflies, hiddenorc2_lemuel,
          uniq_sonja, uniq_psyche
D:11:     layout_basic, grunt_ministairs_1
D:12:     minmay_strange_plus, layout_basic, gammafunk_ghost_hydra_chop,
          uniq_fannar
D:13:     layout_loops_cross, hellmonk_vaults_order_and_chaos, xom_shifter_show
D:14:     layout_cave_pods, tso_metal_star
D:15:     gammafunk_depths_entry_grave, layout_loops_corners,
          kennysheep_crisscross
Temple:   minmay_temple_curvy_loop
Lair:1:   layout_cave_pods, grunt_megastairs_2
Lair:2:   layout_long_grid, minmay_shoals_entry_beasts, wad_woods_road_05,
          lemuel_fruit_tree, uniq_maggie
Lair:3:   layout_chaotic_city, nicolae_spider_entry_tight_spaces,
          gammafunk_ghost_wrathful_warriors, serial_bayou_shore_a,
          grunt_megastairs_1
Lair:4:   nzn_winding_woodlands_medium [nzn_winding_woodlands_hourglass,
          nzn_winding_woodlands_5x15_sawtooth, nzn_winding_woodlands_5x5_cross,
          nzn_winding_woodlands_5x5_default,
          nzn_winding_woodlands_center_pierced_h,
          nzn_winding_woodlands_5x5_checkerboard,
          nzn_winding_woodlands_5x5_perimeter, nzn_winding_woodlands_5x15_eye,
          nzn_winding_woodlands_5x5_three], layout_gridlike
Lair:5:   cheibrodos_lair_end_hotspot, layout_misc_corridors, slime_entry_1,
          uniq_snorg, uniq_nessos, uniq_rupert
Shoals:1: layout_shoals
Shoals:2: layout_shoals, nicolae_shoals_seven_spires, uniq_polyphemus
Shoals:3: layout_shoals, uniq_bai_suzhen, uniq_ilsuiw
Shoals:4: shoals_end_simple, layout_shoals
Spider:1: nicolae_spider_brood_tunnel, portal_ice_cave_entry_ice_statue_two,
          uniq_mlioglotl
Spider:2: layout_spider_delve, gammafunk_ghost_arena
Spider:3: layout_spider_delve
Spider:4: hellmonk_spider_rune_endless_swarm, uniq_aizul
Orc:1:    layout_diamond_mine
Orc:2:    st_orc_town, layout_caves, serial_shops, shop_fountains
Elf:1:    elf_arrival_002, layout_loops_corners, serial_glass, glass_columns_a,
          glass_columns_b, mu_enter_wizlab_6, evilmike_minifort
Elf:2:    nicolae_elf_blades_splatter_lattice [mumra_blade_entry_bloodbath],
          layout_loops_cross, nicolae_elf_big_sculpture_3, lemuel_statue_altar,
          onia_ninara_cookie, minmay_shoptagon, uniq_louise
Elf:3:    elf_hall_gauntlet_narrow, layout_onion_city,
          gammafunk_ghost_berserking_beasts, serial_shops, shop, uniq_roxanne
Vaults:1: nicolae_vaults_little_ls, emtedronai_trogs_sanctum,
          nicolae_vaults_door_testing_chamber, v_misc_1, layout_vaults_quadrants
Vaults:2: nicolae_vaults_cornered_office, ontoclasm_vaults_pinch,
          hangedman_vaults_impose, ontoclasm_vaults_claustrophobia,
          vaults_dpeg_doors, nicolae_vaults_double_plus_2,
          hangedman_vaults_pinch, v_misc_10, nicolae_vaults_six-pack,
          vaults_dpeg_hooks, nicolae_vaults_two_Ls, layout_vaults_chaotic_city,
          serial_shops, shop, uniq_margery
Vaults:3: vaults_dpeg_cross, minmay_crypt_entry_simple_round,
          nicolae_vaults_diamond_2, nicolae_vaults_closet_pinwheel_5,
          nicolae_vaults_shelves_hall, v_rooms_4, gargoyle_guard,
          nicolae_vaults_hallways_thing, v_misc_19, dpeg_vaults_monster_box,
          nicolae_vaults_diamond_1, nicolae_vaults_surprise_closet,
          layout_vaults_omnicross
Vaults:4: nicolae_vaults_network_barrier, nicolae_vaults_house_3, v_misc_24,
          nicolae_vaults_prndl, vaults_room_semicircle, v_misc_3,
          hangedman_vaults_impose, nicolae_vaults_closet_pinwheel_6,
          nicolae_vaults_security_offices_6, nicolae_vaults_diamond_1,
          layout_vaults_omnibox, nicolae_trove_entry_isolated, uniq_saint_roka
Vaults:5: serial_shops
Depths:1: layout_honeycomb, minmay_tree_intersection, hell_entry,
          nicolae_shop_overcharged_wands, nicolae_integral_box
Depths:2: nicolae_cairo_tiling_large, layout_cave_shapes,
          pf_dread_powers_of_hell, grunt_pan_entry_zigzag,
          infiniplex_staircase_zigzag_5, uniq_nikola
Depths:3: dreamdust_merry_men, layout_gridlike, enter_ziggurat_a,
          abyss_entry_small_statue_room, hell_entry, kennysheep_boxes,
          infiniplex_staircase_door_maze, serial_bayou_shore_b,
          serial_bayou_shore_b, uniq_josephina
Depths:4: grunt_crosshair, layout_cave_pools, hell_entry, abyss_entry_crystal,
          corexii_leaking_fountain, uniq_frederick
Zot:1:    layout_gridlike, skrybe_zot_glass_3, grunt_megastairs_3
Zot:2:    layout_misc_corridors, grunt_ministairs_9
Zot:3:    layout_basic
Zot:4:    layout_gridlike, bh_zot_levy_curve
Zot:5:    layout_twisted_circle, hangedman_zot_diagonal_lockstep,
          regret_index_zotdec_carving_tricks

Skill      XL: |  1  2  3  4  5  6  7  8  9 10 11 12 13 14 15 16 17 18 19 20 21 22 23 24 25 26 27 |
---------------+----------------------------------------------------------------------------------+-----
Fighting       | 2 4 5 7 10 12 13 15 18 19 21 22 23 24 25 26 27 | 27.0
Throwing       | 1 |  1.6
Ranged Weapons | 2 3 |  3.0
Spellcasting   | 3 4 7 8 |  8.0
Hexes          | 3 4 |  4.0
Shapeshifting  | 2 3 9 10 11 15 16 18 | 18.1
Dodging        | 3 5 10 13 14 15 | 15.0
Evocations     | 1 2 |  2.0
Maces & Flails | 6 8 |  8.0
Unarmed Combat | 4 10 12 14 16 18 19 21 24 | 24.5
Earth Magic    | 2 3 |  3.0
Shields        | 8 10 12 13 16 | 16.9
Translocations | 1 2 3 |  3.0
Fire Magic     | |  0.8

Action                     |  1- 3 |  4- 6 |  7- 9 | 10-12 | 13-15 | 16-18 | 19-21 | 22-24 | 25-27 || total
---------------------------+-------+-------+-------+-------+-------+-------+-------+-------+-------++-------
  Melee: Short sword       |    22 |       |       |       |       |       |       |       |       ||    22
         Headbutt          |     4 |       |    11 |   110 |    37 |     3 |   320 |   204 |   271 ||   960
         Dagger            |       |       |    52 |    67 |       |       |       |       |       ||   119
         Punch             |       |       |       |     3 |       |    74 |    39 |       |       ||   116
         Unarmed           |       |       |       |     2 |   923 |  1084 |  1180 |   684 |   954 ||  4827
         Dire flail        |       |       |       |   294 |   127 |       |       |       |       ||   421
         Constrict         |       |       |       |       |   179 |    67 |       |       |       ||   246
         Bite              |       |       |       |       |       |   107 |    13 |       |       ||   120
         Eveningstar       |       |       |       |       |       |     7 |       |       |       ||     7
         Tailslap          |       |       |       |       |       |   116 |    14 |       |       ||   130
   Fire: Sling             |    72 |   129 |   204 |   295 |    19 |       |       |       |       ||   719
  Throw: Dart              |       |       |       |    11 |       |       |       |       |       ||    11
         Large rock        |       |       |       |       |       |     6 |     4 |     5 |    57 ||    72
   Cast: Jinxbite          |    15 |    22 |    67 |   118 |    50 |       |       |       |       ||   272
         Sigil of Binding  |       |       |       |     5 |       |       |       |       |       ||     5
         Apportation       |       |       |       |       |       |       |       |     2 |       ||     2
         Passwall          |       |       |       |       |       |       |       |       |     1 ||     1
 Invoke: Call Merchant     |       |       |       |     2 |     3 |     2 |       |       |       ||     7
         Potion Petition   |       |       |       |       |     1 |       |       |       |       ||     1
         Bribe Branch      |       |       |       |       |       |       |       |       |     5 ||     5
Ability: Breathe Fire      |       |       |       |       |       |    24 |     1 |       |       ||    25
  Evoke: Wand              |       |       |       |     1 |    22 |    22 |       |       |       ||    45
         Tin of tremorston |       |       |       |       |       |       |     2 |     1 |       ||     3
         Phial of floods   |       |       |       |       |       |       |     1 |       |       ||     1
    Use: Scroll            |       |     5 |     2 |     7 |    12 |     7 |    11 |    11 |     7 ||    62
         Potion            |       |     2 |       |     3 |     4 |    10 |     1 |     7 |    10 ||    37
   Stab: Distracted        |       |       |       |     1 |     5 |     5 |    16 |     4 |    15 ||    46
         Paralysed         |       |       |       |     1 |       |       |       |       |       ||     1
         Petrified         |       |       |       |       |     1 |       |       |       |       ||     1
         Invisible         |       |       |       |       |       |     2 |       |     3 |       ||     5
         Sleeping          |       |       |       |       |       |     1 |     8 |     1 |     6 ||    16
 Armour: Robe              |    15 |    51 |   108 |   172 |       |       |       |       |       ||   346
         Skin              |       |       |       |    26 |   712 |  1533 |   925 |   769 |   387 ||  4352
         Steam dragon scal |       |       |       |   256 |    98 |    61 |       |       |       ||   415
  Dodge: Dodged            |    14 |    42 |    77 |   266 |   471 |   636 |  1036 |   884 |   559 ||  3985
         Repelled          |       |       |       |       |       |       |    10 |    29 |    18 ||    57
  Block: Kite shield       |       |       |       |       |       |       |   901 |   443 |       ||  1344
         Tower shield      |       |       |       |       |       |       |       |   830 |  1520 ||  2350
   Form: Beast             |       |       |     1 |       |       |       |       |       |       ||     1
                           |       |       |       |     1 |     1 |     1 |       |       |       ||     3
         Serpent           |       |       |       |       |     2 |     1 |       |       |       ||     3
         Dragon            |       |       |       |       |       |     1 |     1 |       |       ||     2
         Statue            |       |       |       |       |       |       |     2 |       |     2 ||     4
         Storm             |       |       |       |       |       |       |       |       |     2 ||     2
